 Dungeon Crawl Stone Soup version 0.22-a0-223-g0f5d773 (console) character file.

973 Duffy the Firebug (level 7, 0/40 HPs)
             Began as a Deep Elf Fire Elementalist on Feb 18, 2018.
             Was an Initiate of Vehumet.
             Killed from afar by an orc wizard (6 damage)
             ... with a magic dart
             ... on level 5 of the Dungeon.
             The game lasted 00:08:30 (5229 turns).

Duffy the Firebug (Deep Elf Fire Elementalist)      Turns: 5229, Time: 00:08:31

Health: 0/40       AC:  6    Str:  5    XL:     7   Next: 94%
Magic:  4/15       EV: 15    Int: 22    God:    Vehumet [......]
Gold:   50         SH:  5    Dex: 15    Spells: 4/14 levels left

rFire    . . .     SeeInvis .   D - +4 rapier (freeze)
rCold    . . .     Gourm    .   c - +0 buckler
rNeg     . . .     Faith    .   w - +0 animal skin
rPois    .         Spirit   .   x - +0 helmet
rElec    .         Reflect  .   (no cloak)
rCorr    .         Harm     .   y - +1 pair of gloves
MR       .....                  u - +0 pair of boots (curse)
Stlth    ++........             (no amulet)
HPRegen  0.13/turn              (no ring)
MPRegen  0.14/turn              (no ring)

@: no status effects
A: no striking features
a: Renounce Religion


You were on level 5 of the Dungeon.
You worshipped Vehumet.
Vehumet was noncommittal.
You were near starving.

You visited 1 branch of the dungeon, and saw 5 of its levels.

You collected 237 gold pieces.
You spent 187 gold pieces at shops.

Inventory:

Hand Weapons
 r - a +0 blowgun
 D - a +4 rapier of freezing (weapon)
Missiles
 s - 9 poisoned needles
Armour
 c - a +0 buckler (worn)
 u - a cursed +0 pair of boots (worn)
 w - a +0 animal skin (worn)
 x - a +0 helmet (worn)
 y - a +1 pair of gloves (worn)
Wands
 q - a wand of acid (12)
 v - a wand of random effects (42)
 z - a wand of enslavement (13)
Scrolls
 d - 4 scrolls of remove curse {unknown}
 f - 2 scrolls of enchant weapon {unknown}
 g - a scroll of random uselessness {unknown}
 h - a scroll of enchant armour {unknown}
 i - 3 scrolls of teleportation {unknown}
 k - 3 scrolls of fear {unknown}
 o - 2 scrolls of identify {unknown}
 p - 3 scrolls of blinking {unknown}
 B - a scroll of amnesia {unknown}
Potions
 a - 2 potions of agility {unknown}
 e - a potion of brilliance {unknown}
 j - 3 potions of curing {unknown}
 l - a potion of magic {unknown}
 m - a potion of heal wounds {unknown}
 t - 3 potions of flight {unknown}
 A - 3 potions of cancellation {unknown}
 C - a potion of lignification {unknown}
 E - a potion of degeneration {unknown}
Comestibles
 b - 4 rations


   Skills:
 + Level 2.8 Fighting
 + Level 5.0 Dodging
 - Level 2.4 Stealth
 + Level 2.8 Shields
 - Level 4.0 Spellcasting
 - Level 5.2 Conjurations
 - Level 5.2 Fire Magic


You had 4 spell levels left.
You knew the following spells:

 Your Spells              Type           Power        Failure   Level  Hunger
a - Flame Tongue          Conj/Fire      ####.        1%          1    None
h - Throw Flame           Conj/Fire      ####..       2%          2    #......
j - Sticky Flame          Conj/Fire      ####....     14%         4    ####...
l - Conjure Flame         Conj/Fire      ####....     4%          3    ###....


Dungeon Overview and Level Annotations

Branches:
Dungeon (5/15)             Temple (0/1) D:4

Altars:
Gozag
Hepliaklqana
Qazlal
Trog
Vehumet

Shops:
D:5 [


Message History

You block the bullfrog skeleton's attack.
The orc wizard points at you and mumbles some strange words.
The magic dart hits you!
You completely miss the orc.
The bullfrog skeleton completely misses you.
The orc closely misses you. You block the orc's attack.
The bullfrog skeleton closely misses you.
The orc wizard mumbles some strange words.
The orc wizard blinks!
The orc wizard gestures at you while chanting.
The magic dart hits you!
You block the bullfrog skeleton's attack.
The orc wizard casts a spell at you. The magic dart hits you!
The orc wizard hits you but does no damage.
The orc wizard misses you.
The orc hits you with a dagger of protection.
The orc wizard points at you and mumbles some strange words.
The magic dart hits you!
You die...

.. ... ####### ... #.....# #.#
#.....# #### #..##
##.....#####..# ######
#...##.............## #.....
#...........<.....# #.....
####@.......#####.#.#
#.....######Zo..................
#$..........oo......########..}.
#(..)...............# #####...\
......).%..........######.....#}.
.................................
##..............##.####.....[....
#..............##.###...........
##...#..........................


You could see an orc wizard, 2 orcs and a bullfrog skeleton.

Vanquished Creatures
  Grinder (D:5)
  Eustachio (D:4)
  Menkaure (D:5)
  A phantom (D:5)
  An ogre (D:4)
  A crimson imp (D:5)
  An orc priest (D:5)
  A hound (D:4)
  A jelly (D:5)
  A worker ant (D:4)
  Ijyb (D:4)
  A hound skeleton (D:4)
  Robin (D:3)
  A gnoll (D:1)
  A howler monkey skeleton (D:4)
  5 adders
  An adder zombie (D:5)
  An adder skeleton (D:5)
  2 worms
  A dart slug (D:4)
  2 leopard geckos
  3 orcs
  11 giant cockroaches
  13 goblins
  5 hobgoblins
  A quokka (D:5)
  8 bats
  3 frilled lizards
  8 kobolds
  A quokka skeleton (D:2)
  10 rats
90 creatures vanquished.

Notes
Turn   | Place    | Note
-------+----------+-------------------------------------------
     0 | D:1      | Duffy the Deep Elf Fire Elementalist began the quest for the Orb.
     0 | D:1      | Reached XP level 1. HP: 10/10 MP: 6/6
   424 | D:1      | Reached XP level 2. HP: 15/15 MP: 4/8
   846 | D:1      | Reached XP level 3. HP: 19/19 MP: 5/9
   850 | D:1      | Learned a level 2 spell: Throw Flame
   854 | D:1      | Learned a level 3 spell: Conjure Flame
  1771 | D:2      | Reached XP level 4. HP: 24/24 MP: 6/10
  2745 | D:3      | Learned a level 4 spell: Sticky Flame
  3407 | D:4      | Noticed Robin
  3456 | D:4      | Reached XP level 5. HP: 28/28 MP: 0/12
  3570 | D:3      | Killed Robin
  4049 | D:4      | Found a bloodstained altar of Trog.
  4050 | D:4      | Found a radiant altar of Vehumet.
  4051 | D:4      | Found a hazy altar of Hepliaklqana.
  4053 | D:4      | Found a stormy altar of Qazlal.
  4057 | D:4      | Became a worshipper of Vehumet
  4062 | D:4      | Found an opulent altar of Gozag.
  4095 | D:4      | Noticed Ijyb
  4116 | D:4      | Killed Ijyb
  4330 | D:4      | Noticed an ogre
  4339 | D:4      | Killed an ogre
  4339 | D:4      | Reached skill level 5 in Conjurations
  4339 | D:4      | Reached skill level 5 in Fire Magic
  4339 | D:4      | Reached XP level 6. HP: 32/32 MP: 6/14
  4418 | D:4      | Noticed Eustachio
  4428 | D:4      | Killed Eustachio
  4428 | D:4      | Reached skill level 1 in Fighting
  4428 | D:4      | Reached skill level 1 in Shields
  4554 | D:4      | Found a staircase to the Ecumenical Temple.
  4603 | D:5      | Entered Level 5 of the Dungeon
  4603 | D:5      | Noticed Menkaure
  4605 | D:5      | Killed Menkaure
  4605 | D:5      | Reached XP level 7. HP: 39/39 MP: 12/15
  4776 | D:5      | Found Syedgheux's Antique Armour Shop.
  4778 | D:5      | Noticed Grinder
  4779 | D:5      | Paralysed by Grinder for 4 turns
  4791 | D:5      | Killed Grinder
  5014 | D:5      | Bought a pair of embroidered gloves for 187 gold pieces
  5211 | D:5      | Reached skill level 5 in Dodging
  5229 | D:5      | Killed from afar by an orc wizard

Vault maps used:
D:1:      dpeg_arrival_castle, amethyst_killhole
D:2:      minmay_roachtagon
D:3:      first_ration
D:4:      minitemple, minmay_temple_entry_enclosed_plants, minivault_19,
          lemuel_flame_loot_1, uniq_eustachio, uniq_robin, uniq_ijyb
D:5:      nicolae_overflow_crystal_walls, serial_shops, shop_fountains,
          uniq_menkaure, uniq_grinder, uniq_sigmund

Skill      XL: |  1  2  3  4  5  6  7 |
---------------+----------------------+-----
Conjurations   | 2 3 4 5 |  5.2
Fire Magic     | 4 5 |  5.2
Spellcasting   | 4 |  4.0
Fighting       | 1 2 |  2.8
Dodging        | 3 5 |  5.0
Shields        | 1 2 |  2.8
Stealth        | |  2.4

Action                   |  1- 3 |  4- 6 |  7- 9 || total
-------------------------+-------+-------+-------++-------
Melee: Unarmed           |     1 |       |       ||     1
       Rapier            |       |       |     6 ||     6
 Fire: Blowgun           |       |     9 |       ||     9
 Cast: Flame Tongue      |    72 |    73 |    34 ||   179
       Sticky Flame      |       |     7 |     3 ||    10
       Conjure Flame     |       |     3 |     1 ||     4
  Eat: Chunk             |     2 |     8 |       ||    10
       Ration            |       |     1 |       ||     1
Armor: Robe              |     6 |     2 |       ||     8
       Animal skin       |       |     5 |     8 ||    13
Dodge: Dodged            |    23 |    33 |    19 ||    75
Block: Buckler           |       |     1 |    10 ||    11

Table legend:
 A = Spawn XP
 B = Non-spawn XP
 C = Spawn XP percentage of total XP
 D = Spawn monster count
 E = Non-spawn monster count
 F = Spawn count percentage of total count
 G = Total turns spent on level
                    A         B        C        D         E        F      G
               +---------+---------+-------+---------+---------+-------+---------
         Total |       0 |    1390 |   0.0 |       0 |      90 |   0.0 |  5229
               +---------+---------+-------+---------+---------+-------+---------
           D:1 |       0 |      47 |   0.0 |       0 |      23 |   0.0 |  1315
           D:2 |       0 |      78 |   0.0 |       0 |      24 |   0.0 |  1457
           D:3 |       0 |      54 |   0.0 |       0 |      12 |   0.0 |   979
           D:4 |       0 |     485 |   0.0 |       0 |      18 |   0.0 |   877
           D:5 |       0 |     726 |   0.0 |       0 |      13 |   0.0 |   601
               +---------+---------+-------+---------+---------+-------+---------
